 Dungeon Crawl Stone Soup version 0.21.1-1-g345015f (webtiles) character file.

457 Mirai the Chopper (level 6, 0/49 HPs)
             Began as a Demonspawn Berserker on Mar 2, 2018.
             Was a Priest of Trog.
             Slain by a mummy (13 damage)
             ... on level 4 of the Dungeon.
             The game lasted 00:09:15 (3297 turns).

Mirai the Chopper (Demonspawn Berserker)            Turns: 3297, Time: 00:09:16

Health: 0/49       AC:  5    Str: 17    XL:     6   Next: 77%
Magic:  6/6        EV: 13    Int: 10    God:    Trog [***...]
Gold:   198        SH:  0    Dex: 15    Spells: 5/5 levels left

rFire    . . .     SeeInvis .   a - +1 hand axe
rCold    . . .     Gourm    .   (no shield)
rNeg     . . .     Faith    .   o - +2 leather armour {MR+}
rPois    .         Spirit   .   (no helmet)
rElec    .         Reflect  .   (no cloak)
rCorr    .         Harm     .   (no gloves)
MR       +....                  (no boots)
Stlth    ++........             (no amulet)
HPRegen  0.16/turn              e - ring of stealth
MPRegen  0.10/turn              u - +2 ring of intelligence

@: berserk cooldown, slowed, very slow
A: hooves 1
a: Berserk, Trog's Hand, Burn Spellbooks, Renounce Religion


You were on level 4 of the Dungeon.
You worshipped Trog.
Trog was most pleased with you.
You were near starving.

You visited 1 branch of the dungeon, and saw 5 of its levels.

You collected 198 gold pieces.

Inventory:

Hand Weapons
 a - a +1 hand axe (weapon)
Armour
 b - a +0 chain mail
 o - a +2 leather armour of magic resistance (worn)
 r - a +0 ring mail
 v - a cursed +0 robe
 x - a +0 ring mail
 y - a +0 leather armour
 z - a +0 leather armour
Jewellery
 e - a ring of stealth (left hand)
 s - an uncursed ring of wizardry
 u - a +2 ring of intelligence (right hand)
Scrolls
 j - 2 scrolls of identify
 k - a scroll of remove curse
 q - a scroll of fear
Potions
 d - a potion of agility {unknown}
 f - 3 potions of mutation {unknown}
 g - a potion of heal wounds {unknown}
 h - a potion of invisibility {unknown}
 i - 3 potions of degeneration {unknown}
 l - 3 potions of haste {unknown}
 p - a potion of lignification {unknown}
Books
 m - a book of Changes

   Spells                             Type                      Level
   a - Beastly Appendage              Transmutation                1
   b - Sticks to Snakes               Transmutation                2
   c - Spider Form                    Transmutation/Poison         3
   d - Ice Form                       Ice/Transmutation            4
   e - Blade Hands                    Transmutation                5
   Trog disapproves of the use of such an item.
Comestibles
 c - 4 rations
 n - 6 chunks of flesh


   Skills:
 + Level 4.4 Fighting
 + Level 5.2 Axes
 + Level 2.9 Armour
 + Level 3.1 Dodging


You had 5 spell levels left.
You didn't know any spells.

Dungeon Overview and Level Annotations

Branches:
Dungeon (5/15)
 Temple: D:4-7

Altars:
Elyvilon
Xom
The Shining One


Innate Abilities, Weirdness & Mutations

You have large cloven feet.


Message History

You are exhausted.
You feel yourself slow down.
You open the door.
A mummy comes into view.
There is an open door here.
The mummy completely misses you.
You hit the mummy. You kick the mummy, but do no damage.
The mummy is lightly damaged.
The mummy hits you.
You closely miss the mummy. You kick the mummy, but do no damage.
The mummy is lightly damaged.
The mummy closely misses you.
You hit the mummy. Your kick misses the mummy.
The mummy is lightly damaged.
The mummy hits you!
* * * LOW HITPOINT WARNING * * *
You hit the mummy. You kick the mummy, but do no damage.
The mummy is lightly damaged.
The mummy hits you!
You die...

##≈..♣..≈###......##
#≈≈...≈≈###.####..#
###...###+......).#
...... ####..#))#
...### #..##..# ...
...###..# ...##.#..#
..##..#.## .##.M@'.#
##..#.# ##.#.# ###.#
#.# #.# ..# ##


You could see a mummy.

Vanquished Creatures
  An ice beast (D:5)
  A hound (D:4)
  An orc wizard (D:3)
  Jessica (D:2)
  3 worker ants (D:4)
  A worker ant zombie (D:4)
  4 gnolls (D:4)
  6 adders
  2 oozes
  An adder skeleton (D:4)
  A worm (D:4)
  5 dart slugs
  2 leopard geckos
  5 orcs
  A ball python (D:2)
  6 bats
  2 giant cockroaches
  8 goblins
  13 hobgoblins
  2 quokkas
  8 frilled lizards
  9 kobolds
  13 rats
96 creatures vanquished.

Notes
Turn   | Place    | Note
-------+----------+-------------------------------------------
     0 | D:1      | Mirai the Demonspawn Berserker began the quest for the Orb.
     0 | D:1      | Reached XP level 1. HP: 18/18 MP: 1/1
   107 | D:1      | Gained mutation: You have large cloven feet. [demonic ancestry]
   107 | D:1      | Reached XP level 2. HP: 12/24 MP: 2/2
   342 | D:1      | Reached skill level 3 in Axes
   972 | D:1      | Reached XP level 3. HP: 29/29 MP: 3/3
  1069 | D:2      | Noticed Jessica
  1074 | D:2      | Killed Jessica
  1077 | D:2      | Reached ** piety under Trog
  1221 | D:2      | Reached XP level 4. HP: 35/37 MP: 4/4
  1479 | D:2      | Found a glowing golden altar of the Shining One.
  1944 | D:3      | Reached skill level 4 in Axes
  1946 | D:3      | Reached XP level 5. HP: 41/42 MP: 5/5
  2263 | D:3      | Reached *** piety under Trog
  2724 | D:4      | Reached XP level 6. HP: 16/48 MP: 6/6
  2764 | D:4      | Found a white marble altar of Elyvilon.
  2766 | D:4      | Found a shimmering altar of Xom.
  2848 | D:5      | Entered Level 5 of the Dungeon
  2888 | D:5      | Noticed an ice beast
  2901 | D:5      | Killed an ice beast
  3151 | D:4      | Reached skill level 5 in Axes
  3259 | D:4      | Found a white marble altar of Elyvilon.
  3297 | D:4      | Slain by a mummy

Skill      XL: |  1  2  3  4  5  6 |
---------------+-------------------+-----
Axes           | 3 4 5 |  5.2
Dodging        | 2 3 |  3.1
Armour         | 2 |  2.9
Fighting       | 4 |  4.4

Action                   |  1- 3 |  4- 6 || total
-------------------------+-------+-------++-------
Melee: Hand axe          |    76 |   185 ||   261
       Kick              |     8 |    44 ||    52
Invok: Berserk           |     2 |     3 ||     5
  Use: Scroll            |       |     6 ||     6
 Stab: Sleeping          |     5 |     8 ||    13
  Eat: Chunk             |     3 |     8 ||    11
Armor: Animal skin       |    15 |       ||    15
       Ring mail         |       |    21 ||    21
       Leather armour    |       |    32 ||    32
Dodge: Dodged            |    35 |   130 ||   165
